 Dungeon Crawl Stone Soup version 0.30-a0-779-g7971cf19c3 (webtiles) character file.

Game seed: 10174508412923144348

23 Adverbial the Stinger (level 3, -1/24 HPs)
             Began as a Formicid Venom Mage on Feb 17, 2023.
             Slain by a hound (3 damage)
             ... on level 5 of the Dungeon.
             The game lasted 00:07:49 (611 turns).

Adverbial the Stinger (Formicid Venom Mage)          Turns: 611, Time: 00:07:50

Health: -1/24      AC:  6    Str: 12    XL:     3   Next: 10%
Magic:  6/6        EV: 10    Int: 16    God:
Gold:   25         SH:  0    Dex: 14    Spells: 4/7 levels left

rFire   . . .      SeeInvis +    c - +0 sling
rCold   . . .      Faith    .    (no shield)
rNeg    . . .      Spirit   .    h - +0 ring mail
rPois   .          Reflect  .    (helmet unavailable)
rElec   .          Harm     .    (no cloak)
rCorr   .          Rampage  .    g - +0 pair of gloves
Will    .....                    (no boots)
Stlth   ++                       (no amulet)
HPRegen 0.24/turn                (no ring)
MPRegen 0.10/turn                (no ring)

@: no status effects
A: permanent stasis, dig shafts and tunnels, antennae 3, four strong arms
a: Dig, Shaft Self


You were on level 5 of the Dungeon.
You visited 1 branch of the dungeon, and saw 5 of its levels.

You collected 25 gold pieces.

Inventory:

Hand Weapons
 c - a +0 sling (weapon)
Armour
 a - a +0 robe
 g - a +0 pair of gloves (worn)
 h - a +0 ring mail (worn)
Scrolls
 d - 2 scrolls of identify {unknown}
Potions
 b - a potion of magic
 e - a potion of flight {unknown}
 f - a potion of might {unknown}
 i - a potion of resistance {unknown}


   Skills:
 + Level 2.0 Dodging
 + Level 2.9 Stealth
 + Level 2.5 Spellcasting
 + Level 1.6 Transmutations
 + Level 4.3 Poison Magic


You had 4 spell levels left.
You knew the following spells:

 Your Spells              Type           Power      Damage    Failure   Level
a - Sting                 Tmut/Pois      44%        1d5       13%         1
b - Poisonous Vapours     Pois/Air       16%        N/A       28%         2

Your spell library contained the following spells:

 Spells                   Type           Power      Damage    Failure   Level
 Mephitic Cloud           Conj/Pois/Air  6%         N/A       58%         3
 Olgreb's Toxic Radiance  Pois           15%        N/A       58%         4


Dungeon Overview and Level Annotations

Branches:
Dungeon (4/15)
 Temple: D:4-7

Altars:

Annotations:
D:4 Eustachio


Innate Abilities, Weirdness & Mutations

You cannot be hasted, slowed, berserked, paralysed or teleported.
You can dig through walls and to a lower floor.
You have a pair of large antennae on your head. (SInv)
Your four strong arms can wield two-handed weapons with a shield.


Message History

You fall into a shaft and drop 1 floor!
The shaft crumbles and collapses.
A water moccasin comes into view.
A hound comes into view.
Fire: c) +0 sling
Press: ? - help, Q - select action, (/) - cycle Shift-Dir - straight line, f - hound
Aim: a hound (41% to hit)
You shoot a sling bullet.
The sling bullet closely misses the hound.
The hound attacks as you move away! The hound bites you but does no damage.
The hound pauses to sniff the ground.
The hound bites you.
Fire: c) +0 sling
Press: ? - help, Q - select action, (/) - cycle Shift-Dir - straight line, f/p - hound
Aim: a hound (41% to hit)
You shoot a sling bullet.
The sling bullet barely misses the hound.
The hound bites you but does no damage. The hound barely misses you.
Fire: c) +0 sling
Press: ? - help, Q - select action, (/) - cycle Shift-Dir - straight line, f/p - hound
Aim: a hound (41% to hit)
You shoot a sling bullet.
The sling bullet barely misses the hound.
The hound barely misses you. x2; The hound bites you.
* * * LOW HITPOINT WARNING * * *
Fire: c) +0 sling
Press: ? - help, Q - select action, (/) - cycle Shift-Dir - straight line, f/p - hound
Aim: a hound (41% to hit)
You shoot a sling bullet. The sling bullet hits the hound.
The hound is moderately wounded.
The hound bites you.
* * * LOW HITPOINT WARNING * * *
The hound closely misses you.
Fire: c) +0 sling
Press: ? - help, Q - select action, (/) - cycle Shift-Dir - straight line, f/p - hound
Aim: a hound (moderately wounded, 41% to hit)
You shoot a sling bullet.
The sling bullet closely misses the hound.
The hound bites you.
You die...

#...#...........
#...#............... .
#...#...............
..#...#...............
......................
#.....................
#.....................
#.....................
#.............@.......
#.............h.......
#.....................
########..............
.....######..######
...S. ...# ..... ....#
###. ...... ........


You could see a hound.

Vanquished Creatures
  A worm (D:2)
  An orc (D:4)
  4 ball pythons
  An endoplasm (D:1)
  3 jackals (D:1)
  2 kobolds
  A quokka (D:4)
  A bat (D:1)
  2 frilled lizards (D:1)
  2 goblins
  A rat (D:1)
19 creatures vanquished.

Notes
Turn   | Place    | Note
-------+----------+-------------------------------------------
     0 | D:1      | Adverbial the Formicid Venom Mage began the quest for the
                  | Orb.
     0 | D:1      | Reached XP level 1. HP: 13/13 MP: 3/3
   164 | D:1      | Reached XP level 2. HP: 19/19 MP: 5/5
   282 | D:1      | You fall into a shaft and drop 1 floor!
   509 | D:3      | Learned a level 2 spell: Poisonous Vapours
   547 | D:4      | Reached XP level 3. HP: 11/23 MP: 6/6
   579 | D:4      | Noticed Eustachio
   592 | D:4      | You fall into a shaft and drop 1 floor!
   592 | D:5      | Entered Level 5 of the Dungeon
   595 | D:5      | Noticed a water moccasin
   611 | D:5      | Slain by a hound

Illustrated notes

Levels and vault maps discovered:
D:1:      matt_arrival_los_fun, layout_loops_ring
D:2:      layout_basic, basic_altar, uniq_robin, uniq_natasha
D:3:      layout_rooms, uniq_jessica, uniq_grinder
D:4:      layout_layer_cave, okawaru_trees_1, hangedman_decor_slide_cut,
          minmay_distorted, uniq_eustachio
D:5:      layout_basic, kennysheep_generic_room_6

Skill      XL: |  1  2 |
---------------+-------+-----
Dodging        | 2 |  2.0
Stealth        | |  2.9
Spellcasting   | |  2.5
Transmutations | |  1.6
Poison Magic   | |  4.3

Action                     || total
---------------------------++-------
   Fire: Sling             ||    78
Ability: Shaft Self        ||     2
         Dig               ||     1
 Armour: Robe              ||     3
         Ring mail         ||    47
  Dodge: Dodged            ||    56

Table legend: (Time is in decaauts)
 A = Elapsed time spent in this place.
 B = Non-inter-level travel time spent in this place.
 C = Inter-level travel time spent in this place.
 D = Time resting spent in this place.
 E = Time spent auto-exploring this place.
 F = Levels seen in this place.
 G = Mean time per level.
                   A        B        C        D        E       F      G
               +--------+--------+--------+--------+--------+-----+--------+
         Total |    648 |    648 |      0 |     52 |      0 |   5 |  129.6 |
       Dungeon |    648 |    648 |      0 |     52 |      0 |   5 |  129.6 |
               +--------+--------+--------+--------+--------+-----+--------+

Top non-repeatable levels by time:
     D:1: 301 daAuts
     D:2: 221 daAuts
     D:4: 82 daAuts
     D:3: 22 daAuts
     D:5: 21 daAuts
